 Dungeon Crawl Stone Soup version 0.19.4-9-g45fd643 (console) character file.

21535 Grinner the Grappler (level 12, -3/156 HPs)
             Began as a Troll Monk on Feb 19, 2017.
             Was an Elder of Jiyva.
             Slain by Snorg (15 damage)
             ... on level 11 of the Dungeon.
             The game lasted 00:48:29 (14526 turns).

Grinner the Grappler (Troll Monk)                  Turns: 14526, Time: 00:48:30

Health: -3/156     AC: 10    Str: 32    XL:     12   Next: 55%
Magic:  18/18      EV: 12    Int: 10    God:    Jiyva [****..]
Gold:   953        SH:  0    Dex: 14    Spells: 3 memorised, 4 levels left

rFire  + + .     SeeInvis .       - Unarmed
rCold  + . .     Gourm    +     P - +1 robe {rC+ rF+}
rNeg   . . .     Faith    .     (no shield)
rPois  +         Spirit   .     (helmet restricted)
rElec  .         Reflect  .     K - +2 cloak {+Inv}
rCorr  +         Harm     .     (gloves unavailable)
MR     .....                    (boots unavailable)
Stlth  ..........               q - amulet of rage
                                y - ring of fire
                                u - +5 ring of intelligence

@: berserking, very quick
A: unfitting armour, antennae 1, claws 3, slimy green scales 1, blink, cold
resistance 1, deformed body, fast metabolism 3, gourmand, poison resistance,
regeneration 1, shaggy fur 1, strong 1, tough skin 2, acidic bite, eyeballs 1
a: Blink, Request Jelly, Slimify, Renounce Religion, Evoke Berserk Rage, Evoke
Invisibility


You were on level 11 of the Dungeon.
You worshipped Jiyva.
Jiyva was greatly pleased with you.
You were not hungry.

You visited 2 branches of the dungeon, and saw 17 of its levels.
You also visited: Ossuary.

You collected 953 gold pieces.

Inventory:

Armour
 K - a +2 cloak of invisibility (worn)
 P - a +1 robe of resistance (worn)
Jewellery
 h - an uncursed ring of protection from magic
 q - an amulet of rage (around neck)
 s - a +3 ring of dexterity
 u - a +5 ring of intelligence (left claw)
 y - a ring of fire (right claw)
 S - an uncursed amulet of guardian spirit
 W - an uncursed ring of flight
Wands
 a - a wand of disintegration (0/24)
 j - a wand of enslavement (16/24)
 z - a wand of iceblast (3/15)
 L - a wand of paralysis (0/24)
 M - a wand of slowing (25/48)
 Q - a wand of lightning (9/15)
 X - a wand of random effects (14/48)
Scrolls
 d - 4 scrolls of recharging {unknown}
 e - a scroll of blinking {unknown}
 i - 4 scrolls of amnesia {unknown}
 k - 4 scrolls of magic mapping {unknown}
 m - 3 scrolls of noise {unknown}
 o - 2 scrolls of enchant armour {unknown}
 p - 2 scrolls of immolation
 r - 2 scrolls of fog {unknown}
 t - a scroll of holy word
 v - 2 scrolls of teleportation
 x - 2 scrolls of enchant weapon
 F - 4 scrolls of remove curse
 H - a scroll of summoning
 J - a scroll of fear
 V - a scroll of torment
 Y - 2 scrolls of identify
Potions
 g - 3 potions of brilliance
 l - 6 potions of curing
 n - 3 potions of flight
 B - 6 potions of haste
 G - a potion of invisibility
 I - 2 potions of agility
 O - a potion of might
 T - 2 potions of heal wounds
 U - a potion of magic
Books
 w - a book of Misfortune

   Spells                             Type                      Level
   a - Confusing Touch                Hexes                        1
   b - Confuse                        Hexes                        3
   c - Gell's Gravitas                Hexes/Translocation          3
   d - Petrify                        Transmutation/Earth          4
   e - Metabolic Englaciation         Hexes/Ice                    5
   f - Yara's Violent Unravelling     Hexes/Transmutation          5
 A - a book of Cantrips

   Spells                             Type                      Level
   a - Confusing Touch                Hexes                        1
   b - Animate Skeleton               Necromancy                   1
   c - Summon Small Mammal            Summoning                    1
   d - Apportation                    Translocation                1
 E - a book of Air

   Spells                             Type                      Level
   a - Shock                          Conjuration/Air              1
   b - Swiftness                      Charms/Air                   2
   c - Repel Missiles                 Charms/Air                   2
   d - Static Discharge               Conjuration/Air              3
   e - Lightning Bolt                 Conjuration/Air              5
 Z - a Young Poisoner's Handbook

   Spells                             Type                      Level
   a - Sting                          Conjuration/Poison           1
   b - Mephitic Cloud                 Conjuration/Poison/Air       3
   c - Olgreb's Toxic Radiance        Poison                       4
   d - Alistair's Intoxication        Transmutation/Poison         5
   e - Venom Bolt                     Conjuration/Poison           5
Miscellaneous
 D - a lamp of fire
Comestibles
 b - 11 bread rations
 c - 47 fruits
 f - 9 meat rations
 C - 2 royal jellies
 N - 3 slices of pizza
 R - 2 beef jerkies


   Skills:
 - Level 2.4 Fighting
 - Level 4.3 Dodging
 - Level 1.0 Stealth
   Level 0.2 Shields
 + Level 12.7 Unarmed Combat
 - Level 6.8 Hexes
 - Level 1.3 Transmutations
 - Level 1.6 Earth Magic
 * Level 10.0 Evocations


You had 4 spell levels left.
You knew the following spells:

 Your Spells              Type           Power        Failure   Level  Hunger
f - Petrify               Tmut/Erth      #.......     99%         4    #####..
s - Swiftness             Chrm/Air       #.......     61%         2    ###....
x - Confusing Touch       Hex            ##....       2%          1    ##.....


Dungeon Overview and Level Annotations

Branches:
Dungeon (11/15)            Temple (0/1) D:7            Lair (6/6) D:8
  Swamp (0/4) Lair:4        Snake (0/4) Lair:2        Slime (0/5) Lair:5
    Orc (0/2) D:9

Altars:
Ashenzari
Fedhas
Kikubaaqudgha
Makhleb
Nemelex Xobeh
Okawaru
Qazlal
Ru
Uskayaw
Vehumet
Xom
Zin
The Shining One
Jiyva

Shops:
D:10 (   D:11 =

Annotations:
D:11 Snorg


Innate Abilities, Weirdness & Mutations

You are too large for most types of armour.
You have claws for hands.
Your metabolism is lightning-fast.
You like to eat raw meat.
Your natural rate of healing is unusually fast.
You are covered in fur. (AC +1)
You have very tough skin. (AC +2)
You have a pair of small antennae on your head.
You are partially covered in slimy green scales. (AC +2)
You can translocate small distances at will.
Your flesh is cold resistant. (rC+)
Armour fits poorly on your strangely shaped body.
Your system is resistant to poisons. (rPois)
Your muscles are strong. (Str +2)
You have acidic saliva.
Your body has grown golden eyes which may confuse attackers. (Acc +3)


Message History

A red film seems to cover your vision as you go berserk!
You feel yourself moving faster!
You feel mighty!
You feel a lot more hungry. Snorg misses you. Snorg claws you.
* * * LOW HITPOINT WARNING * * *
Snorg claws you but does no damage. Snorg bites you but does no damage.
Snorg completely misses you. Snorg barely misses you.
You are too injured to fight recklessly!
You are too injured to fight recklessly!
You scratch Snorg.
Snorg is severely wounded.
Snorg bites you!!
* * * LOW HITPOINT WARNING * * *
Snorg claws you but does no damage. Snorg claws you!
* * * LOW HITPOINT WARNING * * *
You mangle Snorg!! Your claw misses Snorg.
Snorg is almost dead.
You claw Snorg!
Snorg is almost dead.
Snorg bites you!
You die...

##<..#...##....
.............###....
#.#.................
###########.#.....
### .#..... #.. .#
....... #.##.#
.......
#.T#.######....###
#@.#.##... ....+
#.##.##.# ..#
#.......######.#
#..#......#....#
#......##.#.#..###
##.#...##...#.....
...#...#######....
#####...# ##...
#....# #....


You could see Snorg (berserk).

Vanquished Creatures
  The ghost of UltraMegaBob the Cleaver, a journeyman HOFi of Beogh (D:10)
  A hydra (Lair:1)
  4 death yaks (Lair:4)
  An unseen horror (D:10)
  A hill giant (D:10)
  Joseph (D:7)
  The ghost of Grinner the Grappler, a novice TrMo (D:4)
  2 black mambas
  3 komodo dragons
  3 spiny frogs (Lair:1)
  A troll (D:9)
  3 two-headed ogres
  Prince Ribbit (D:8)
  7 blink frogs (Lair:4)
  6 hippogriffs
  3 wyverns
  A vampire (D:10)
  The ghost of RoderickthRed the Skirmisher, an amateur HuWn (D:3)
  A basilisk (Lair:4)
  8 yaks
  2 chaos spawn (D:11)
  3 nagas (Lair:2)
  Duvessa (D:6)
  10 water moccasins
  3 orc warriors
  6 porcupines
  3 sky beasts
  A phantom (D:9)
  A black bear (Lair:2)
  A necrophage (D:11)
  10 wolves
  4 ogres
  5 centaurs
  8 crocodiles
  16 bullfrogs
  2 water moccasin zombies (Ossuary)
  5 scorpions
  Dowan (D:6)
  5 killer bees (D:7)
  An electric eel (D:11)
  A wight (D:9)
  4 howler monkeys
  4 lava snakes (D:9)
  3 crimson imps
  A quasit (D:8)
  Crazy Yiuf (D:7)
  3 jellies
  2 orc priests (D:9)
  6 hounds
  2 iguanas
  Terence (D:3)
  3 orc wizards
  4 hell rats (Lair:4)
  Ijyb (D:3)
  7 worker ants
  2 killer bee zombies
  5 big kobold zombies (Ossuary)
  3 hound skeletons
  2 mummies (Ossuary)
  3 gnolls (D:2)
  13 adders
  An adder skeleton (D:6)
  7 adder zombies
  3 worms
  A dart slug (D:1)
  7 leopard geckos
  21 orcs
  4 bats (D:2)
  11 giant cockroaches
  2 gnoll zombies (Ossuary)
  12 goblins
  7 hobgoblins
  18 jackals
  5 kobolds
  3 quokkas
  A ball python (D:4)
  8 frilled lizards
  3 hobgoblin zombies (Ossuary)
  A kobold zombie (Ossuary)
  4 orc zombies (Ossuary)
  A quokka skeleton (D:7)
  A quokka zombie (D:5)
  9 rats
  2 rat zombies (D:6)
341 creatures vanquished.

Vanquished Creatures (others)
  A porcupine (Lair:3)
  An orc warrior (D:9)
  4 jellies
  An orc priest (D:10)
  2 orc wizards (D:10)
  5 orcs (D:10)
  A fungus (Lair:4)
15 creatures vanquished.

Grand Total: 356 creatures vanquished

Notes
Turn   | Place    | Note
-------+----------+-------------------------------------------
     0 | D:1      | Grinner the Troll Monk began the quest for the Orb.
     0 | D:1      | Reached XP level 1. HP: 22/22 MP: 0/0
   144 | D:1      | Reached XP level 2. HP: 29/29 MP: 1/1
   767 | D:3      | Reached XP level 3. HP: 35/36 MP: 2/2
   793 | D:3      | Found a stormy altar of Qazlal.
   826 | D:3      | Noticed Terence
   830 | D:3      | Noticed Ijyb
   851 | D:3      | Killed Ijyb
   851 | D:3      | Reached skill level 4 in Unarmed Combat
   858 | D:3      | Killed Terence
   858 | D:3      | Reached XP level 4. HP: 29/44 MP: 3/3
   878 | D:3      | Noticed RoderickthRed's ghost (amateur HuWn)
   903 | D:3      | Killed RoderickthRed's ghost
   903 | D:3      | Reached skill level 5 in Unarmed Combat
   903 | D:3      | Reached XP level 5. HP: 29/50 MP: 4/4
  1471 | D:4      | Noticed Grinner's ghost (novice TrMo)
  1480 | D:4      | HP: 2/50 [Grinner's ghost (20)]
  1659 | D:2      | Reached XP level 6. HP: 58/59 MP: 5/5
  1830 | D:2      | Found a shattered altar of Ashenzari.
  1973 | D:2      | Learned a level 1 spell: Confusing Touch
  2248 | D:2      | Found a burning altar of Makhleb.
  2254 | D:2      | Reached skill level 6 in Unarmed Combat
  2526 | D:4      | Found an ancient bone altar of Kikubaaqudgha.
  2574 | D:4      | Reached skill level 1 in Hexes
  2670 | D:4      | Killed Grinner's ghost
  2670 | D:4      | Reached XP level 7. HP: 24/66 MP: 6/6
  3268 | D:4      | Reached skill level 7 in Unarmed Combat
  3386 | D:5      | Entered Level 5 of the Dungeon
  3489 | D:5      | Reached XP level 8. HP: 68/74 MP: 7/7
  3512 | D:5      | Found an iron altar of Okawaru.
  3601 | D:5      | Found a sparkling altar of Nemelex Xobeh.
  3644 | D:5      | Found a hide-covered altar of Uskayaw.
  3981 | D:5      | Found a faded altar of an unknown god.
  3981 | D:5      | Found a faded altar of an unknown god.
  3987 | D:5      | Found a glowing silver altar of Zin.
  3989 | D:5      | Found a faded altar of an unknown god.
  3990 | D:5      | Found a faded altar of an unknown god.
  4111 | D:5      | Found a sacrificial altar of Ru.
  4447 | D:6      | Learned a level 4 spell: Petrify
  4532 | D:6      | Noticed Dowan
  4534 | D:6      | Noticed Duvessa
  4581 | D:6      | Found a sand-covered staircase.
  4588 | Ossuary  | Entered an ossuary
  4640 | Ossuary  | Reached skill level 5 in Hexes
  4691 | Ossuary  | Reached skill level 8 in Unarmed Combat
  4904 | Ossuary  | Gained mutation: Armour fits poorly on your strangely shaped body. [potion of mutation]
  4904 | Ossuary  | Gained mutation: You have a pair of small antennae on your head. [potion of mutation]
  4904 | Ossuary  | Gained mutation: You are partially covered in slimy green scales. (AC +2) [potion of mutation]
  4927 | D:6      | Killed Dowan
  4968 | D:6      | Reached XP level 9. HP: 78/80 MP: 8/8
  5173 | D:6      | Killed Duvessa
  5278 | D:6      | Found a blossoming altar of Fedhas.
  5444 | D:7      | Found a glowing golden altar of the Shining One.
  5667 | D:7      | Reached skill level 9 in Unarmed Combat
  5671 | D:7      | Gained mutation: Your flesh is cold resistant. (rC+) [mutagenic meat]
  5672 | D:7      | Gained mutation: Your muscles are strong. (Str +2) [mutagenic meat]
  5673 | D:7      | Gained mutation: Your system is resistant to poisons. (rPois) [mutagenic meat]
  5674 | D:7      | Gained mutation: You possess an exceptional clarity of mind. [mutagenic meat]
  5922 | D:7      | Reached skill level 1 in Earth Magic
  6111 | D:7      | Noticed Joseph
  6119 | D:7      | Killed Joseph
  6119 | D:7      | Reached skill level 1 in Transmutations
  6204 | D:7      | Found a staircase to the Ecumenical Temple.
  6204 | D:7      | Found a faded altar of an unknown god.
  6276 | D:7      | Reached XP level 10. HP: 85/88 MP: 9/9
  6368 | D:7      | Found a runed door.
  6372 | D:7      | Noticed Crazy Yiuf
  6378 | D:7      | Killed Crazy Yiuf
  6428 | D:8      | Noticed Prince Ribbit
  6437 | D:8      | Killed Prince Ribbit
  6485 | D:8      | Reached skill level 1 in Evocations
  6534 | D:8      | Found a staircase to the Lair.
  6640 | D:8      | Reached skill level 10 in Unarmed Combat
  6792 | D:8      | Found a radiant altar of Vehumet.
  6792 | D:8      | Found a shimmering altar of Xom.
  6821 | D:8      | You fall through a shaft for 3 floors!
  6928 | D:10     | Entered Level 10 of the Dungeon
  7171 | D:10     | Found Gyts's Antique Weapon Emporium.
  7585 | Lair:1   | Entered Level 1 of the Lair of Beasts
  7591 | Lair:1   | Reached skill level 5 in Evocations
  7796 | Lair:1   | Noticed a spiny frog
  7813 | Lair:1   | Killed a spiny frog
  7813 | Lair:1   | Reached XP level 11. HP: 41/94 MP: 11/14
  8023 | Lair:1   | Reached skill level 11 in Unarmed Combat
  8414 | Lair:1   | Noticed a five-headed hydra
  8425 | Lair:1   | Killed a seven-headed hydra
  9400 | Lair:2   | Noticed a seven-headed hydra
  9594 | Lair:2   | Found a staircase to the Snake Pit.
 10190 | Lair:3   | Learned a level 2 spell: Swiftness
 10228 | Lair:3   | Noticed a six-headed hydra
 10332 | Lair:4   | Found a staircase to the Swamp.
 11040 | Lair:4   | Reached skill level 12 in Unarmed Combat
 11147 | Lair:4   | Noticed a death yak
 11148 | Lair:4   | Noticed a death yak
 11149 | Lair:4   | Noticed a death yak
 11153 | Lair:4   | Noticed a death yak
 11214 | Lair:4   | Killed a death yak
 11214 | Lair:4   | Reached XP level 12. HP: 75/104 MP: 9/17
 11232 | Lair:4   | Killed a death yak
 11238 | Lair:4   | Killed a death yak
 11249 | Lair:4   | Killed a death yak
 11737 | Lair:5   | Lost mutation: You possess an exceptional clarity of mind. [potion of mutation]
 11787 | Lair:6   | Entered Level 6 of the Lair of Beasts
 12083 | Lair:5   | Found a staircase to the Slime Pits.
 12084 | Lair:5   | Found a viscous altar of Jiyva.
 12093 | Lair:5   | Became a worshipper of Jiyva Jadom the Shapeless
 12093 | Lair:5   | Reached * piety under Jiyva
 12093 | Lair:5   | Reached ** piety under Jiyva
 12216 | Lair:5   | Noticed a six-headed hydra
 12979 | D:9      | Gained mutation: Your spells are a little easier to cast, but a little less powerful. [potion of mutation]
 12979 | D:9      | Gained mutation: You can translocate small distances at will. [potion of mutation]
 13382 | D:9      | Found a staircase to the Orcish Mines.
 13430 | D:9      | Reached *** piety under Jiyva
 13433 | D:9      | Gained mutation: Your body has grown golden eyes which may confuse attackers. (Acc +3) [Jiyva's grace]
 13990 | D:10     | Noticed UltraMegaBob's ghost (journeyman HOFi)
 14008 | D:10     | Killed UltraMegaBob's ghost
 14173 | D:10     | Gained mutation: You have acidic saliva. [Jiyva's grace]
 14191 | D:10     | Reached **** piety under Jiyva
 14382 | D:11     | Found Taevi's Jewellery Boutique.
 14416 | D:11     | Found a shimmering altar of Xom.
 14424 | D:11     | Reached skill level 10 in Evocations
 14457 | D:11     | Lost mutation: Your spells are a little easier to cast, but a little less powerful. [Jiyva's grace]
 14507 | D:11     | Noticed Snorg
 14526 | D:11     | Slain by Snorg

Skill      XL: |  1  2  3  4  5  6  7  8  9 10 11 12 |
---------------+-------------------------------------+-----
Dodging        | 3 4 |  4.3
Unarmed Combat | 4 5 6 7 8 9 10 12 | 12.7
Hexes          | 2 3 5 6 |  6.8
Earth Magic    | 1 |  1.6
Transmutations | 1 |  1.3
Evocations     | 5 8 10 | 10.0
Fighting       | |  2.4
Stealth        | |  1.0
Shields        | |  0.2

Action                   |  1- 3 |  4- 6 |  7- 9 | 10-12 || total
-------------------------+-------+-------+-------+-------++-------
Melee: Unarmed           |    61 |   194 |   374 |   601 ||  1230
       Punch             |       |     2 |    10 |    42 ||    54
       Bite              |       |       |       |     2 ||     2
 Cast: Confusing Touch   |       |       |     4 |    14 ||    18
 Abil: Evoke Invisibilit |       |       |       |     9 ||     9
       Evoke Berserk Rag |       |       |       |     6 ||     6
Evoke: Wand              |       |       |       |    11 ||    11
       Lamp of fire      |       |       |       |     1 ||     1
  Use: Potion            |     5 |     6 |     2 |     8 ||    21
       Scroll            |       |     3 |     6 |     7 ||    16
 Stab: Sleeping          |     2 |     2 |     2 |     4 ||    10
       Confused          |       |       |     2 |    11 ||    13
       Invisible         |       |       |       |    21 ||    21
       Distracted        |       |       |       |     1 ||     1
  Eat: Chunk             |    12 |    14 |    36 |    65 ||   127
       Meat ration       |       |       |       |     1 ||     1
       Bread ration      |       |       |       |     1 ||     1
Armor: Robe              |    17 |    61 |    88 |   159 ||   325
       Skin              |       |       |       |    30 ||    30
Dodge: Dodged            |    27 |    97 |   202 |   339 ||   665
Block: Shield            |       |     6 |       |       ||     6
